 Dungeon Crawl Stone Soup version 0.27.1-1-g398f81649c (webtiles) character file.

Game seed: 1878965253812867657

258 Kinoniko the Cudgeller (level 5, -9/45 HPs)
             Began as a Minotaur Berserker on Sept 9, 2021.
             Was a Believer of Trog.
             Mangled by an orc warrior (12 damage)
             ... on level 7 of the Dungeon.
             The game lasted 00:02:43 (2447 turns).

Kinoniko the Cudgeller (Minotaur Berserker)         Turns: 2447, Time: 00:02:43

Health: -9/45      AC:  9    Str: 27    XL:     5   Next: 94%
Magic:  1/1        EV:  9    Int:  5    God:    Trog [**....]
Gold:   170        SH:  0    Dex: 10    Spells: 4/4 levels left

rFire    . . .     SeeInvis .   h - +3 whip (antimagic)
rCold    . . .     Faith    .   (no shield)
rNeg     . . .     Spirit   .   i - +0 chain mail
rPois    .         Reflect  .   (helmet restricted)
rElec    .         Harm     .   (no cloak)
rCorr    .         Rampage  .   (no gloves)
Will     ++...                  (no boots)
Stlth    ..........             (no amulet)
HPRegen  1.15/turn              g - +6 ring of strength
MPRegen  0.07/turn              (no ring)

@: strong-willed, on berserk cooldown, regenerating, slowed, very slow
A: horns 2, retaliatory headbutt
a: Renounce Religion, Berserk, Trog's Hand


You were on level 7 of the Dungeon.
You worshipped Trog.
Trog was pleased with you.
You visited 1 branch of the dungeon, and saw 5 of its levels.

You collected 170 gold pieces.

Inventory:

Hand Weapons
 a - a +0 mace
 h - a +3 antimagic whip (weapon)
Missiles
 m - 2 throwing nets (quivered)
Armour
 b - a +0 animal skin
 i - a +0 chain mail (worn)
Jewellery
 g - a +6 ring of strength (left hand)
Scrolls
 d - a scroll of teleportation
 e - 2 scrolls of amnesia
 f - a scroll of noise
 j - 2 scrolls of vulnerability
 o - a scroll of identify
Potions
 c - a potion of lignification {unknown}
 k - a potion of berserk rage {unknown}
 l - a potion of ambrosia {unknown}
 n - a potion of attraction {unknown}


   Skills:
 - Level 3.6 Fighting
 * Level 6.6 Maces & Flails
 + Level 3.4 Armour
 + Level 4.0 Dodging


You had 4 spell levels left.
You didn't know any spells.
Your spell library was empty.

Dungeon Overview and Level Annotations

Branches:
Dungeon (4/15)
 Temple: D:4-7

Altars:

Shops:
D:3 :   D:4 =   D:7 ?


Innate Abilities, Weirdness & Mutations

You have a pair of horns on your head.
You reflexively headbutt those who attack you in melee.


Message History

The orc warrior is heavily wounded.
An orc wizard comes into view. It is wielding a +0 short sword.
The orc warrior hits you with a +0 glaive!
You are too injured to fight recklessly!
You are too injured to fight recklessly!
You are too injured to fight recklessly!
You are too injured to fight recklessly!
You are too injured to fight recklessly!
You are too injured to fight recklessly!
You are too injured to fight recklessly!
You are too injured to fight recklessly!
You are too injured to fight recklessly!
You are too injured to fight recklessly!
You are too injured to fight recklessly!
You are too injured to fight recklessly!
Unknown command.
Okay, then.
Your skin crawls.
You feel strong-willed. The orc warrior barely misses you.
Unknown command.
You hit the orc warrior but do no damage.
You headbutt the orc warrior.
The orc warrior is heavily wounded.
Unknown command.
You hit the orc warrior but do no damage.
The orc warrior is heavily wounded.
The orc wizard casts a spell.
The orc wizard flickers and vanishes!
Deactivating autopickup; reactivate with Ctrl-A.
The orc warrior closely misses you. The orc barely misses you.
You furiously retaliate!
You headbutt the orc!
You kill the orc!
Trog accepts your kill.
The orc warrior hits you with a +0 glaive!
* * * LOW HITPOINT WARNING * * *
You barely miss the orc warrior.
The orc warrior is heavily wounded.
The orc warrior hits you with a +0 glaive!
You die...

#.∩.#.......
............
#.#.........
#.#...#.....
#.#...#....
#.......##
#######.)).)...#
#.....))#).##..#
#.#####$#.@o#
#.#####>#.#)#
#.##..>.......
#.##.##........#
#.##.##...#{#.##
#........#..#..
####.##..#.##.##
#######.##..#
........#


You could see an orc warrior.

Vanquished Creatures
  An ogre (D:4)
  An orc wizard (D:7)
  A howler monkey zombie (D:7)
  4 gnolls
  2 adders
  A dart slug (D:4)
  8 orcs
  6 bats
  10 endoplasms
  3 giant cockroaches
  3 hobgoblins
  4 jackals
  4 kobolds
  6 quokkas
  5 ball pythons
  5 frilled lizards
  2 goblins
  9 rats
75 creatures vanquished.

Notes
Turn   | Place    | Note
-------+----------+-------------------------------------------
     0 | D:1      | Kinoniko the Minotaur Berserker began the quest for the
                  | Orb.
     0 | D:1      | Reached XP level 1. HP: 19/19 MP: 0/0
   110 | D:1      | Reached skill level 4 in Maces & Flails
   116 | D:1      | Reached XP level 2. HP: 13/26 MP: 1/1
   442 | D:1      | Reached XP level 3. HP: 31/31 MP: 2/2
   904 | D:2      | Reached ** piety under Trog
   978 | D:2      | Reached skill level 5 in Maces & Flails
  1021 | D:2      | Reached XP level 4. HP: 39/39 MP: 0/3
  1587 | D:3      | Found Jonobam's Book Shop.
  1938 | D:4      | Noticed an ogre
  1943 | D:4      | Killed an ogre
  1944 | D:4      | Reached skill level 6 in Maces & Flails
  1944 | D:4      | Reached XP level 5. HP: 32/45 MP: 1/4
  2178 | D:4      | Found Jysm's Jewellery Emporium.
  2356 | D:4      | You fall into a shaft and drop 3 floors!
  2425 | D:7      | Found Iliet's Magic Scroll Boutique.
  2431 | D:7      | Noticed an orc warrior
  2446 | D:7      | HP: 1/45 [orc warrior (17)]
  2447 | D:7      | Mangled by an orc warrior

Illustrated notes

Levels and vault maps discovered:
D:1:      nzn_arrival_crosshair, layout_basic
D:2:      layout_rooms, serial_bayou_lagoon_a
D:3:      layout_basic, serial_shops, nicolae_square_shop,
          grunt_decor_resistance
D:4:      layout_rooms, serial_shops, shop, minmay_misc_feat_tower
D:7:      layout_loops_cross, mainiacjoe_overflow_chevrons, serial_shops,
          nicolae_shop_stone, minmay_misc_feat_doors, abandoned_shop,
          chequers_serial_rivers_marsh

Skill      XL: |  1  2  3  4  5 |
---------------+----------------+-----
Maces & Flails | 4 5 6 |  6.6
Dodging        | 3 4 |  4.0
Armour         | 3 |  3.4
Fighting       | |  3.6

Action                   |  1- 3 |  4- 6 || total
-------------------------+-------+-------++-------
Melee: Mace              |    62 |     1 ||    63
       Headbutt          |     9 |    16 ||    25
       Whip              |       |    69 ||    69
Invok: Berserk           |     2 |     2 ||     4
       Trog's Hand       |       |     1 ||     1
  Use: Scroll            |       |     5 ||     5
 Stab: Sleeping          |     1 |       ||     1
Armor: Animal skin       |     8 |     1 ||     9
       Chain mail        |       |    23 ||    23
Dodge: Dodged            |    41 |    28 ||    69
